 Dungeon Crawl Stone Soup version 0.30-a0-4-ga7cffc901d (webtiles) character file.

Game seed: 17307368391828464694

89 Setbun the Magician (level 4, -2/38 HPs)
             Began as a Gnoll Wanderer on Aug 20, 2022.
             Killed from afar by a white imp (5 damage)
             ... with a puff of frost
             ... on level 3 of the Dungeon.
             The game lasted 00:02:12 (2702 turns).

Setbun the Magician (Gnoll Wanderer)                Turns: 2702, Time: 00:02:12

Health: -2/38      AC:  3    Str: 13    XL:     4   Next: 55%
Magic:  13/13      EV: 11    Int: 12    God:
Gold:   59         SH:  0    Dex: 11    Spells: 16/17 levels left

rFire   . . .      SeeInvis .    a - +3 hand axe
rCold   . . .      Faith    .    (no shield)
rNeg    . . .      Spirit   .    c - +0 leather armour
rPois   .          Reflect  .    (no helmet)
rElec   .          Harm     .    (no cloak)
rCorr   .          Rampage  .    (no gloves)
Will    .....                    (no boots)
Stlth   +.........               (no amulet)
HPRegen 0.12/turn                (no ring)
MPRegen 0.13/turn                (no ring)

@: no status effects
A: fangs 1, strong nose, distributed training
a: no special abilities


You were on level 3 of the Dungeon.
You visited 1 branch of the dungeon, and saw 3 of its levels.

You collected 59 gold pieces.

Inventory:

Hand Weapons
 a - a +3 hand axe (weapon)
Missiles
 d - 3 throwing nets
Armour
 c - a +0 leather armour (worn)
Jewellery
 l - a +6 ring of strength
Scrolls
 e - a scroll of torment {unknown}
 h - a scroll of enchant weapon {unknown}
 i - a scroll of immolation {unknown}
 j - 2 scrolls of teleportation {unknown}
 k - 2 scrolls of identify {unknown}
 m - a scroll of vulnerability {unknown}
Potions
 b - 4 potions of lignification
 f - a potion of degeneration {unknown}
 g - 2 potions of flight {unknown}
 n - a potion of attraction {unknown}


   Skills:
 + Level 4.7 Fighting
 + Level 1.2 Short Blades
 + Level 1.2 Long Blades
 + Level 6.6 Axes
 + Level 1.2 Maces & Flails
 + Level 1.2 Polearms
 + Level 1.2 Staves
 + Level 1.2 Ranged Weapons
 + Level 1.2 Throwing
 + Level 4.7 Armour
 + Level 1.2 Dodging
 + Level 1.2 Stealth
 + Level 1.2 Shields
 + Level 1.2 Unarmed Combat
 + Level 7.2 Spellcasting
 + Level 1.0 Conjurations
 + Level 1.0 Hexes
 + Level 1.0 Summonings
 + Level 1.0 Necromancy
 + Level 1.0 Translocations
 + Level 1.0 Transmutations
 + Level 1.0 Fire Magic
 + Level 1.0 Ice Magic
 + Level 1.0 Air Magic
 + Level 1.0 Earth Magic
 + Level 1.0 Poison Magic
 + Level 1.3 Invocations
 + Level 1.2 Evocations


You had 16 spell levels left.
You knew the following spells:

 Your Spells              Type           Power      Damage    Failure   Level
a - Necrotise             Necr           24%        1d5       13%         1

Your spell library contained the following spells:

 Spells                   Type           Power      Damage    Failure   Level
 Blink                    Tloc           12%        N/A       19%         2
 Gell's Gravitas          Tloc           6%         N/A       36%         3
 Teleport Other           Tloc           6%         N/A       36%         3
 Vampiric Draining        Necr           6%         2d6       36%         3
 Manifold Assault         Tloc           6%         N/A       98%         5
 Dispersal                Tloc           3%         N/A       100%        6
 Storm Form               Tmut/Air       3%         N/A       100%        7


Dungeon Overview and Level Annotations

Branches:
Dungeon (3/15)

Altars:


Innate Abilities, Weirdness & Mutations

You have very sharp teeth.
Your uncanny sense of smell can sniff out nearby items.
Your experience applies equally to all skills.


Message History

Your bite misses the white imp. You hit the rat. The rat bites you.
The white imp gestures at you. The puff of frost hits you.
You hit the rat.
You kill the rat!
You barely miss the white imp. The white imp closely misses you.
You hit the iguana but do no damage. You hit the white imp but do no damage.
You slash the ball python!
You kill the ball python!
The iguana bites you. The white imp hits you. The white imp freezes you.
You are too injured to fight recklessly!
You are too injured to fight recklessly!
You are too injured to fight recklessly!
You are too injured to fight recklessly!
You are too injured to fight recklessly!
You are too injured to fight recklessly!
You are too injured to fight recklessly!
You are too injured to fight recklessly!
You are too injured to fight recklessly!
You are too injured to fight recklessly!
You are too injured to fight recklessly!
You are too injured to fight recklessly!
You are too injured to fight recklessly!
You are too injured to fight recklessly!
You are too injured to fight recklessly!
The white imp attacks as you move away! The white imp closely misses you.
The white imp attacks as you move away! The white imp barely misses you.
The iguana attacks as you move away! The iguana closely misses you.
You completely miss the iguana. You bite the iguana.
The iguana is lightly wounded.
The iguana bites you. The iguana attacks as you move away!
The iguana bites you. The iguana attacks as you move away!
The iguana barely misses you. The iguana attacks as you move away!
The iguana bites you!
* * * LOW HITPOINT WARNING * * *
The iguana attacks as you move away! The iguana closely misses you.
There is a stone staircase leading up here.
The white imp gestures at you. The puff of frost hits you.
You die...

....††.##.........#
.........$##.#.#..## ..$
....#####.#..#.....#....
... #...##...#.#.<.. ..
##..##..##...... ..
#...g....)...... ...
###....5..........
....###..÷...S..........
.........÷..#..l@.......
..................######
...............####
............####
##..........#
#..........#
#..........#
#..........#
#..$.......#


You could see an iguana, an adder, a white imp and a goblin.

Vanquished Creatures
  5 adders
  2 dart slugs
  2 endoplasms (D:1)
  3 giant cockroaches
  4 goblins
  A hobgoblin (D:1)
  4 quokkas
  7 ball pythons
  5 bats
  4 frilled lizards
  5 kobolds
  2 rats
44 creatures vanquished.

Notes
Turn   | Place    | Note
-------+----------+-------------------------------------------
     0 | D:1      | Setbun the Gnoll Wanderer began the quest for the Orb.
     0 | D:1      | Setbun set off with the following items: a +3 hand axe, a
                  | potion of lignification, a +0 leather armour; and the
                  | following spell memorised: Necrotise; and the following
                  | spells available to memorise: Vampiric Draining.
     0 | D:1      | Reached XP level 1. HP: 20/20 MP: 8/8
   290 | D:1      | Reached XP level 2. HP: 26/26 MP: 10/10
  1225 | D:2      | Reached XP level 3. HP: 24/31 MP: 11/11
  1353 | D:2      | Reached skill level 1 in Invocations
  1528 | D:2      | Reached skill level 1 in Short Blades
  1528 | D:2      | Reached skill level 1 in Long Blades
  1528 | D:2      | Reached skill level 1 in Maces & Flails
  1528 | D:2      | Reached skill level 1 in Polearms
  1528 | D:2      | Reached skill level 1 in Staves
  1528 | D:2      | Reached skill level 1 in Ranged Weapons
  1528 | D:2      | Reached skill level 1 in Throwing
  1528 | D:2      | Reached skill level 1 in Dodging
  1528 | D:2      | Reached skill level 1 in Stealth
  1528 | D:2      | Reached skill level 1 in Shields
  1528 | D:2      | Reached skill level 1 in Unarmed Combat
  1528 | D:2      | Reached skill level 1 in Evocations
  1942 | D:2      | Found a faded altar of an unknown god.
  2025 | D:2      | Reached XP level 4. HP: 33/38 MP: 13/13
  2423 | D:3      | Reached skill level 1 in Conjurations
  2423 | D:3      | Reached skill level 1 in Hexes
  2423 | D:3      | Reached skill level 1 in Summonings
  2423 | D:3      | Reached skill level 1 in Necromancy
  2423 | D:3      | Reached skill level 1 in Translocations
  2423 | D:3      | Reached skill level 1 in Transmutations
  2423 | D:3      | Reached skill level 1 in Fire Magic
  2423 | D:3      | Reached skill level 1 in Ice Magic
  2423 | D:3      | Reached skill level 1 in Air Magic
  2423 | D:3      | Reached skill level 1 in Earth Magic
  2423 | D:3      | Reached skill level 1 in Poison Magic
  2702 | D:3      | Killed from afar by a white imp

Illustrated notes

Levels and vault maps discovered:
D:1:      nzn_arrival_water_spiral, layout_basic
D:2:      layout_loops_cross, shapermc_ecumenical_altar_pompeii
D:3:      layout_rooms

Skill      XL: |  1  2  3  4 |
---------------+-------------+-----
Invocations    | 1 |  1.3
Short Blades   | 1 |  1.2
Long Blades    | 1 |  1.2
Maces & Flails | 1 |  1.2
Polearms       | 1 |  1.2
Staves         | 1 |  1.2
Ranged Weapons | 1 |  1.2
Throwing       | 1 |  1.2
Dodging        | 1 |  1.2
Stealth        | 1 |  1.2
Shields        | 1 |  1.2
Unarmed Combat | 1 |  1.2
Evocations     | 1 |  1.2
Conjurations   | 1 |  1.0
Hexes          | 1 |  1.0
Summonings     | 1 |  1.0
Necromancy     | 1 |  1.0
Translocations | 1 |  1.0
Transmutations | 1 |  1.0
Fire Magic     | 1 |  1.0
Ice Magic      | 1 |  1.0
Air Magic      | 1 |  1.0
Earth Magic    | 1 |  1.0
Poison Magic   | 1 |  1.0
Fighting       | |  4.7
Axes           | |  6.6
Armour         | |  4.7
Spellcasting   | |  7.2

Action                   |  1- 3 |  4- 6 || total
-------------------------+-------+-------++-------
Melee: Hand axe          |   100 |    36 ||   136
       Bite              |    13 |     4 ||    17
       Punch             |     1 |     1 ||     2
 Stab: Sleeping          |     2 |     1 ||     3
Armor: Leather armour    |    21 |     4 ||    25
Dodge: Dodged            |    44 |    24 ||    68

Table legend: (Time is in decaauts)
 A = Elapsed time spent in this place.
 B = Non-inter-level travel time spent in this place.
 C = Inter-level travel time spent in this place.
 D = Time resting spent in this place.
 E = Time spent auto-exploring this place.
 F = Levels seen in this place.
 G = Mean time per level.
                   A        B        C        D        E       F      G
               +--------+--------+--------+--------+--------+-----+--------+
         Total |   2703 |   2661 |     42 |    478 |   1896 |   3 |  901.0 |
       Dungeon |   2703 |   2661 |     42 |    478 |   1896 |   3 |  901.0 |
               +--------+--------+--------+--------+--------+-----+--------+

Top non-repeatable levels by time:
     D:1: 1220 daAuts
     D:2: 1189 daAuts
     D:3: 294 daAuts
